 Dungeon Crawl Stone Soup version 0.31.0-11-ge490571c62 (webtiles) character file.

Game seed: 17855968639086446607

378 Aldia the Apothecary (level 6, -3/39 HPs)
             Began as an Octopode Alchemist on Jan 26, 2024.
             Was an Initiate of Gozag.
             Slain by a hound (5 damage)
             ... on level 4 of the Dungeon.
             The game lasted 00:07:48 (4341 turns).

Aldia the Apothecary (Octopode Alchemist)           Turns: 4341, Time: 00:07:49

Health: -3/39      AC:  1    Str:  7    XL:     6   Next: 74%
Magic:  5/11       EV:  2    Int: 19    God:    Gozag
Gold:   223        SH:  0    Dex: 13    Spells: 1/11 levels left

rFire   . . .        f - +0 dagger
rCold   . . .        (no shield)
rNeg    . . .        (helmet restricted)
rPois   .            (no amulet)
rElec   .            (no ring)
rCorr   .            (no ring)
SInv    .            (no ring)
Will    .....        (no ring)
Stlth   ++++         (no ring)
HPRegen 0.26/turn    (no ring)
MPRegen 0.12/turn    (no ring)
                     (no ring)

%: no passive effects
@: sleeping
A: almost no armour, amphibious, 8 rings, camouflage 1, gelatinous body 1,
(nimble swimmer 1), tentacles
a: Renounce Religion, Potion Petition, Call Merchant, Bribe Branch


You were on level 4 of the Dungeon.
You worshipped Gozag.
Gozag was aware of your devotion.
You visited 2 branches of the dungeon, and saw 6 of its levels.

You collected 289 gold pieces.
You paid 66 gold pieces to Gozag.

Inventory:

Hand Weapons
 f - a +0 dagger (weapon)
 r - a +0 rapier
Wands
 s - a wand of roots (9)
Scrolls
 c - 2 scrolls of revelation
 d - a scroll of poison
 e - a scroll of torment {unknown}
 i - a scroll of fog {unknown}
 j - a scroll of silence {unknown}
 k - a scroll of acquirement {unknown}
 p - a scroll of fear {unknown}
 u - a scroll of enchant armour {unknown}
Potions
 a - a potion of magic
 b - a potion of ambrosia {unknown}
 h - 2 potions of heal wounds {unknown}
 l - a potion of might
 m - 2 potions of curing
 n - a potion of attraction {unknown}
 o - a potion of berserk rage {unknown}
 q - 2 potions of resistance
 t - a potion of enlightenment {unknown}


   Skills:
 + Level 2.0 Fighting
 - Level 2.0 Dodging
 + Level 4.3 Stealth
 + Level 3.3 Spellcasting
 - Level 2.0 Conjurations
 - Level 2.0 Air Magic
 * Level 5.3 Alchemy


You had one spell level left.
You knew the following spells:

 Your Spells              Type           Power      Damage    Failure   Level
a - Sting                 Conj/Alch      68%        1d7       3%          1
b - Mercury Vapours       Alch/Air       34%        N/A       4%          2
c - Mephitic Cloud        Conj/Alch/Air  15%        N/A       12%         3
d - Olgreb's Toxic Radia  Alch           23%        N/A       17%         4

Your spell library contained the following spells:

 Spells                   Type           Power      Damage    Failure   Level
 Necrotise                Necr           12%        1d4       14%         1
 Summon Small Mammal      Summ           12%        N/A       14%         1
 Momentum Strike          Conj/Tloc      14%        3d8       14%         2
 Blink                    Tloc           6%         N/A       22%         2
 Lesser Beckoning         Tloc           6%         N/A       22%         2
 Call Canine Familiar     Summ           3%         N/A       41%         3
 Vampiric Draining        Necr           3%         2d6       41%         3
 Sticky Flame             Fire/Alch      13%        2d5       43%         4
 Martyr's Knell           Necr/Summ      3%         N/A       82%         4
 Summon Blazeheart Golem  Fire/Summ      3%         N/A       82%         4
 Curse of Agony           Necr           3%         N/A       99%         5


Dungeon Overview and Level Annotations

Branches:
Dungeon (5/15)             Temple (1/1) D:4

Altars:
Ashenzari
Elyvilon
Gozag
Hepliaklqana
Kikubaaqudgha
Makhleb
Nemelex Xobeh
Qazlal
Ru
Trog
Uskayaw
Wu Jian
Xom
Yredelemnul
Zin

Annotations:
D:5 Grinder


Innate Abilities, Weirdness & Mutations

You cannot wear most types of armour.
You are amphibious.
You can wear up to eight rings at the same time.
Your skin changes colour to match your surroundings (Stealth+).
Your rubbery body absorbs attacks. (AC +1, EV +1)
((You are camouflaged when in or above water. (Stealth+)))
You have tentacles for arms and can constrict up to eight enemies at once.


Message History

The hound is lightly wounded.
The hound closely misses you. The sleepcap releases spores at you.
You are engulfed in a cloud of soporific spores!
You fall asleep.
The hound bites you!
You wake up.
* * * LOW HITPOINT WARNING * * *
Unknown command.
Unknown command.
Okay, then.
Aiming: Fastroot
Press: ? - help, Shift-Dir - straight line, p - hound The roots erupt in riotous growth!
Roots grab the sleepcap.
The grasping roots constrict the sleepcap.
The hound barely misses you. The sleepcap releases spores at you.
* * * LOW HITPOINT WARNING * * *
Unknown command.
The grasping roots constrict the sleepcap.
The hound closely misses you.
The sleepcap escapes!
The hound bites you.
* * * LOW HITPOINT WARNING * * *
Unknown command.
Unknown command.
Okay, then.
Okay, then.
Okay, then.
Okay, then.
Casting: Sting (safe; 3% risk of failure)
Confirm with . or Enter, or press ? or * to list all spells.
Aiming: Mercury Vapours (safe; 4% risk of failure)
Press: ? - help, Dir - move target, f - hound
Aim: a hound (heavily wounded, poisoned, chance to weaken: 100%) Fumes of mercury billow around the hound!
The hound looks even sicker.
The hound looks weaker.
The sleepcap looks weaker.
The hound bites you but does no damage. The sleepcap releases spores at you.
* * * LOW HITPOINT WARNING * * *
You are engulfed in a cloud of soporific spores!
You fall asleep.
The hound bites you.
You die...
Your body crumbles into a pile of gold.

.######..###[..##.##########.####
..............###.# #<......#
.###..###..#### #.# #.##...##
####.#####..# #.# #.##....'
###.##.##...# ##.## ##.#.....'
##..#.......## #...# #........'
##.#...>..#..###...#####..#.#..##
##)..[...###...#...##...........#
#..####.f###...#@..##.##.##.#...#
#.######..##...hf......#.......#.
...##...#..##....................
#.....#......#.........####..###.
##.......###...#...##............
#######.## #####...########..)...
##### #.# ##...### ##.#### ....#
#.# #......# #.# ###.###.##
#.#.##.# #.#


You could see a sleepcap (weak) and a hound (very poisoned, weak).

Vanquished Creatures
  A black bear (D:4)
  A howler monkey (D:5)
  2 bombardier beetles
  A jelly (D:4)
  Terence (D:3)
  Ijyb (D:4)
  4 adders
  4 dart slugs
  A ribbon worm (D:3)
  3 endoplasms
  2 giant cockroaches
  12 goblins
  7 hobgoblins
  3 jackals (D:1)
  6 kobolds
  2 quokkas
  4 ball pythons
  4 bats (D:1)
  4 frilled lizards
  4 rats
67 creatures vanquished.

Notes
Turn   | Place    | Note
-------+----------+-------------------------------------------
     0 | D:1      | Aldia the Octopode Alchemist began the quest for the Orb.
     0 | D:1      | Reached XP level 1. HP: 11/11 MP: 3/3
   358 | D:1      | Reached XP level 2. HP: 18/18 MP: 0/5
   852 | D:1      | Reached XP level 3. HP: 22/22 MP: 1/6
   855 | D:1      | Learned a level 2 spell: Mercury Vapours
   859 | D:1      | Learned a level 3 spell: Mephitic Cloud
  1218 | D:1      | Reached skill level 1 in Fighting
  1516 | D:2      | Reached skill level 4 in Alchemy
  1645 | D:2      | Reached XP level 4. HP: 28/28 MP: 5/7
  2174 | D:2      | Reached skill level 1 in Air Magic
  2418 | D:3      | Found a broken altar of Ashenzari.
  2586 | D:3      | Noticed Terence
  2805 | D:3      | Reached XP level 5. HP: 34/34 MP: 6/9
  2958 | D:3      | Killed Terence
  3204 | D:4      | Found a staircase to the Ecumenical Temple.
  3212 | Temple   | Entered the Ecumenical Temple
  3227 | Temple   | Became a worshipper of Gozag Ym Sagoz the Greedy
  3250 | D:4      | Noticed Ijyb
  3258 | D:4      | Killed Ijyb
  3513 | D:4      | Learned a level 4 spell: Olgreb's Toxic Radiance
  3632 | D:4      | Noticed a black bear
  3646 | D:4      | Killed a black bear
  3647 | D:4      | Reached skill level 5 in Alchemy
  3647 | D:4      | Reached XP level 6. HP: 30/39 MP: 1/10
  3781 | D:4      | Found a basalt altar of Yredelemnul.
  4216 | D:4      | Found a hazy altar of Hepliaklqana.
  4273 | D:5      | Entered Level 5 of the Dungeon
  4323 | D:5      | Noticed Grinder
  4341 | D:4      | Slain by a hound

Illustrated notes

Levels and vault maps discovered:
D:1:      dpeg_arrival_orchard, layout_loops_corners
D:2:      layout_loops_ring, grunt_ministairs_12
D:3:      layout_rooms, nicolae_ashenzari_panopticon, uniq_terence
D:4:      layout_loops_cross, marbit_many_paths, lemuel_crystal_altar,
          minmay_temple_entry_wispy, kennysheep_cluttered_room, uniq_ijyb
D:5:      layout_basic, kennysheep_okawaru_gauntlet, fedhas_altar_4,
          jmf_multi_god_temple2, minmay_crystal_room,
          minmay_misc_feat_diagonals, supply_closet_lemuel,
          kennysheep_decorative_pillar, minmay_diced_spiral, uniq_grinder
Temple:   hc_temple_tempest_star

Skill      XL: |  1  2  3  4  5  6 |
---------------+-------------------+-----
Stealth        | 3 4 |  4.3
Fighting       | 1 2 |  2.0
Alchemy        | 4 5 |  5.3
Air Magic      | 1 2 |  2.0
Spellcasting   | 3 |  3.3
Conjurations   | 2 |  2.0
Dodging        | |  2.0

Action                     |  1- 3 |  4- 6 || total
---------------------------+-------+-------++-------
  Melee: Unarmed           |     7 |       ||     7
         Tentacles         |     7 |     4 ||    11
         Constrict         |     6 |     6 ||    12
         Dagger            |    16 |    15 ||    31
   Cast: Sting             |    60 |    87 ||   147
         Mercury Vapours   |       |     2 ||     2
         Mephitic Cloud    |       |     2 ||     2
  Evoke: Wand              |       |     1 ||     1
    Use: Scroll            |       |    10 ||    10
   Stab: Sleeping          |       |     2 ||     2
 Armour: Skin              |    15 |    29 ||    44
  Dodge: Dodged            |    25 |    33 ||    58
